 Dungeon Crawl Stone Soup version 0.29-a0-838-g385bb11a5b (webtiles) character file.

Game seed: 13847292595884895892

463 gruber the Destroyer (level 7, -1/36 HPs)
             Began as a Tengu Conjurer on July 13, 2022.
             Shot with an arrow by a centaur (13 damage)
             ... on level 5 of the Dungeon.
             The game lasted 00:03:03 (4745 turns).

gruber the Destroyer (Tengu Conjurer)               Turns: 4745, Time: 00:03:03

Health: -1/36      AC:  2    Str:  7    XL:     7   Next: 7%
Magic:  4/14       EV: 15    Int: 20    God:
Gold:   222        SH:  0    Dex: 19    Spells: 12/15 levels left

rFire   . . .      SeeInvis .   (no weapon)
rCold   . . .      Faith    .   (no shield)
rNeg    . . .      Spirit   .   a - +0 robe
rPois   .          Reflect  .   (helmet restricted)
rElec   .          Harm     .   (no cloak)
rCorr   .          Rampage  .   (no gloves)
Will    +....                   (boots unavailable)
Stlth   ++........              (no amulet)
HPRegen 0.12/turn               c - +6 ring of dexterity
MPRegen 0.14/turn               i - ring of willpower

@: flying quickly and evasively, quick
A: beak, talons 3, nimble flight
a: no special abilities


You were on level 5 of the Dungeon.
You visited 1 branch of the dungeon, and saw 5 of its levels.

You collected 222 gold pieces.

Inventory:

Armour
 a - a +0 robe (worn)
Jewellery
 c - a +6 ring of dexterity (left hand)
 i - a ring of willpower (right hand)
 m - a ring of protection from cold
Wands
 k - a wand of acid (18)
 p - a wand of polymorph (7)
Scrolls
 d - 4 scrolls of teleportation {unknown}
 e - a scroll of summoning {unknown}
 h - a scroll of fog {unknown}
 j - 2 scrolls of identify {unknown}
 n - 3 scrolls of silence {unknown}
 o - a scroll of fear {unknown}
 r - a scroll of torment {unknown}
Potions
 b - 2 potions of magic
 f - 2 potions of curing {unknown}
 g - a potion of lignification {unknown}
 l - a potion of heal wounds {unknown}
 q - a potion of haste {unknown}


   Skills:
 - Level 2.1 Dodging
 - Level 2.0 Stealth
 + Level 4.6 Spellcasting
 + Level 9.0 Conjurations


You had 12 spell levels left.
You knew the following spells:

 Your Spells              Type           Power      Damage    Failure   Level
a - Magic Dart            Conj           100%       1d8       1%          1
b - Searing Ray           Conj           80%        2d7       1%          2

Your spell library contained the following spells:

 Spells                   Type           Power      Damage    Failure   Level
 Dazzling Flash           Conj/Hex       44%        N/A       6%          3
 Beastly Appendage        Tmut           8%         N/A       12%         1
 Freeze                   Ice            16%        1d4       12%         1
 Wereblood                Tmut           4%         N/A       19%         2
 Fulminant Prism          Conj/Hex       11%        3d9       19%         4
 Hailstorm                Conj/Ice       22%        3d7       19%         4
 Iskenderun's Mystic Bla  Conj/Tloc      22%        2d6       19%         4
 Frozen Ramparts          Ice            8%         1d2       36%         3
 Spider Form              Tmut/Pois      4%         N/A       36%         3


Dungeon Overview and Level Annotations

Branches:
Dungeon (5/15)
 Temple: D:4-7

Altars:
Ashenzari
Elyvilon
Hepliaklqana
Qazlal
Trog
Yredelemnul


Innate Abilities, Weirdness & Mutations

You have a beak for a mouth.
You have claws for feet.
Your magical nature lets you fly swiftly and evasively.


Message History

A necrophage comes into view.
A necrophage is nearby!
A necrophage is nearby!
The magic dart hits the necrophage!
The necrophage is moderately damaged.
The magic dart hits the necrophage.
The necrophage is moderately damaged.
The magic dart hits the necrophage.
The necrophage is heavily damaged.
The magic dart hits the necrophage!
The necrophage is severely damaged.
Casting: Magic Dart (safe; 1% risk of failure)
Confirm with . or Enter, or press ? or * to list all spells.
Aiming: Searing Ray (safe; 1% risk of failure)
Press: ? - help, Shift-Dir - straight line, f/p - necrophage
Aim: a necrophage (severely damaged, 81% to hit)
The searing ray hits the necrophage but does no damage.
The necrophage is severely damaged. (Press . to maintain the ray.) Unknown command.
The searing ray hits the necrophage!
You destroy the necrophage!
Your Conjurations skill increases to level 9!
You have reached level 7!
A centaur comes into view.
A centaur is nearby!
A centaur is nearby!
A centaur is nearby!
The magic dart hits the centaur.
The centaur is moderately wounded.
The centaur shouts!
The centaur wields a +0 shortbow.
The centaur shoots an arrow.
The arrow hits you!
You hear a shout!
The magic dart hits the centaur.
The centaur is moderately wounded.
The centaur shoots an arrow.
The arrow hits you!
You hear an angry hiss.
The centaur shoots an arrow.
The arrow hits you!
You die...

# .. ... ....
####### .....
#......##......
.......@.......
#..............
......(..†.....
#..............
########.#.....
.##.... .# c..S
.. ..#


You could see a centaur and an adder.

Vanquished Creatures
  Pargi (D:4)
  A scorpion (D:4)
  2 necrophages
  An orc priest (D:3)
  3 gnolls (D:2)
  5 adders
  A worm (D:3)
  4 dart slugs
  3 orcs (D:3)
  5 endoplasms
  7 giant cockroaches
  8 goblins
  9 hobgoblins
  3 jackals (D:1)
  2 quokkas
  9 ball pythons
  5 bats
  3 frilled lizards
  3 kobolds
  3 rats
  A spectral orc (D:3)
79 creatures vanquished.

Notes
Turn   | Place    | Note
-------+----------+-------------------------------------------
     0 | D:1      | gruber the Tengu Conjurer began the quest for the Orb.
     0 | D:1      | Reached XP level 1. HP: 10/10 MP: 4/4
     3 | D:1      | Noticed an electric eel
     4 | D:1      | Noticed an electric eel
   139 | D:1      | Reached XP level 2. HP: 10/15 MP: 0/6
   239 | D:1      | Learned a level 2 spell: Searing Ray
   269 | D:1      | Found a faded altar of an unknown god.
   309 | D:1      | Reached skill level 6 in Conjurations
   880 | D:1      | Reached XP level 3. HP: 19/19 MP: 4/7
  1751 | D:2      | Reached skill level 7 in Conjurations
  1751 | D:2      | Reached XP level 4. HP: 24/24 MP: 4/8
  2739 | D:3      | Found a basalt altar of Yredelemnul.
  3061 | D:3      | Found a hazy altar of Hepliaklqana.
  3392 | D:3      | Gained mutation: Your magical nature lets you fly swiftly
                  | and evasively. [Tengu growth]
  3392 | D:3      | Reached XP level 5. HP: 28/28 MP: 8/10
  4091 | D:4      | Reached skill level 8 in Conjurations
  4091 | D:4      | Reached XP level 6. HP: 32/32 MP: 4/12
  4179 | D:4      | Found a broken altar of Ashenzari.
  4183 | D:4      | Found a bloodstained altar of Trog.
  4186 | D:4      | Found a stormy altar of Qazlal.
  4318 | D:4      | Found a white marble altar of Elyvilon.
  4367 | D:4      | Identified the +3 helmet "Daleab" {rC+ Str+3 Slay+3 Stlth+}
  4482 | D:4      | Noticed Pargi
  4541 | D:4      | Killed Pargi
  4713 | D:5      | Entered Level 5 of the Dungeon
  4730 | D:5      | Reached skill level 9 in Conjurations
  4730 | D:5      | Reached XP level 7. HP: 36/36 MP: 4/14
  4745 | D:5      | Shot with an arrow by a centaur

Illustrated notes

Levels and vault maps discovered:
D:1:      arrival_aquarium_b, layout_loops_ring,
          shapermc_ecumenical_altar_acropolis, minmay_liquid_box
D:2:      layout_basic
D:3:      layout_basic, nicolae_overflow_crystal_walls,
          yredelemnul_forgotten_temple_becter, minmay_misc_feat_iff,
          grunt_ministairs_2
D:4:      layout_rooms, elyvilon_altar_5, minmay_overflow_temple_star_quad,
          st_stairs_11, uniq_pargi
D:5:      layout_rooms

Skill      XL: |  1  2  3  4  5  6 |
---------------+-------------------+-----
Conjurations   | 6 7 8 9 |  9.0
Spellcasting   | 3 4 |  4.6
Dodging        | |  2.1
Stealth        | |  2.0

Action                   |  1- 3 |  4- 6 |  7- 9 || total
-------------------------+-------+-------+-------++-------
Melee: Unarmed           |     3 |       |       ||     3
 Cast: Magic Dart        |    57 |    97 |     2 ||   156
       Searing Ray       |     2 |     9 |       ||    11
Armor: Robe              |     2 |     3 |       ||     5
Dodge: Dodged            |    12 |    18 |       ||    30

Table legend: (Time is in decaauts)
 A = Elapsed time spent in this place.
 B = Non-inter-level travel time spent in this place.
 C = Inter-level travel time spent in this place.
 D = Time resting spent in this place.
 E = Time spent auto-exploring this place.
 F = Levels seen in this place.
 G = Mean time per level.
                   A        B        C        D        E       F      G
               +--------+--------+--------+--------+--------+-----+--------+
         Total |   4673 |   4486 |    187 |     23 |   4036 |   5 |  934.6 |
       Dungeon |   4673 |   4486 |    187 |     23 |   4036 |   5 |  934.6 |
               +--------+--------+--------+--------+--------+-----+--------+

Top non-repeatable levels by time:
     D:3: 1455 daAuts
     D:1: 1279 daAuts
     D:2: 1069 daAuts
     D:4: 836 daAuts
     D:5: 31 daAuts
